 Dungeon Crawl Stone Soup version 0.23.0 (webtiles) character file.

Game seed: 8539549835286093822

637 kaze the Chopper (level 7, -6/61 HPs)
             Began as a Hill Orc Fighter on Feb 1, 2019.
             Mangled by Phong's ghost (17 damage)
             ... on level 5 of the Dungeon on Feb 9, 2019.
             The game lasted 00:08:26 (4335 turns).

kaze the Chopper (Hill Orc Fighter)                 Turns: 4335, Time: 00:08:27

Health: -6/61      AC:  5    Str: 19 (21) XL:     7   Next: 50%
Magic:  7/7        EV:  5    Int:  9 (10) God:
Gold:   140        SH: 11    Dex:  8 (10) Spells: 6/6 levels left

rFire    . . .     SeeInvis .   a - +3 war axe
rCold    . . .     Gourm    .   c - +2 shield
rNeg     . . .     Faith    .   d - +0 chain mail
rPois    .         Spirit   .   (no helmet)
rElec    .         Reflect  .   (no cloak)
rCorr    .         Harm     .   (no gloves)
MR       .....     Clarity  +   (no boots)
Stlth    ..........             (no amulet)
HPRegen  0.20/turn              (no ring)
MPRegen  0.10/turn              (no ring)

@: no status effects
A: clarity, clever 1, deformed body
a: no special abilities


You were on level 5 of the Dungeon.
You were not hungry.

You visited 1 branch of the dungeon, and saw 5 of its levels.

You collected 140 gold pieces.

Inventory:

Hand Weapons
 a - a +3 war axe (weapon)
Armour
 c - a +2 shield (worn)
 d - a +0 chain mail (worn)
Jewellery
 j - an uncursed amulet of the gourmand
Potions
 e - a potion of flight
 h - a potion of invisibility
 q - 2 potions of agility
Comestibles
 f - 6 rations


   Skills:
 + Level 5.5 Fighting
 + Level 7.3 Axes
 + Level 4.5 Armour
 + Level 1.2 Dodging
 + Level 0.2 Stealth
 + Level 4.7 Shields


You had 6 spell levels left.
You didn't know any spells.
Your spell library was empty.

Dungeon Overview and Level Annotations

Branches:
Dungeon (5/15)
 Temple: D:4-7

Altars:
Elyvilon
Gozag
Uskayaw
Zin

Shops:
D:3 *

Annotations:
D:5 Phong's ghost, novice FoAK


Innate Abilities, Weirdness & Mutations

You possess an exceptional clarity of mind.
Your mind is acute. (Int +2)
Armour fits poorly on your strangely shaped body.


Message History

There is an open translucent door here.
You closely miss Phong's ghost.
Your shield and chain mail prevent you from hitting the adder.
Phong's ghost hits you! The adder bites you but does no damage.
Phong's ghost hits you!
You hit Phong's ghost but do no damage. You closely miss the adder.
The adder barely misses you. The adder bites you but does no damage.
Phong's ghost hits you!
You hit Phong's ghost but do no damage. You slash the adder!
You kill the adder!
Phong's ghost hits you!
* * * LOW HITPOINT WARNING * * *
Your shield and chain mail prevent you from hitting Phong's ghost.
Phong's ghost hits you.
* * * LOW HITPOINT WARNING * * *
Unknown command.
You hit Phong's ghost.
Phong's ghost is lightly damaged.
Phong's ghost hits you!
You die...

##### ###
#...# ## #≈#
##.#.# #. #(#
#..#.# #.
#≈####.##.#
#.
#S##...##.##
#.
##S##.####..#
###. ###W##.#
##.# ##...
#.#@#..#
#.###..#.
#......#
#.##..##.
#..##.##
#....###.
....# #.#
#....###.
...#.. ..#
#....##.. .#
### .##
#....###.. ..
....####<..
..
..#.###.....
<..#. #.#..#


You could see Phong's ghost and 2 adders.

Vanquished Creatures
  3 ogres
  3 orc priests
  A hound (D:4)
  3 orc wizards
  7 adders
  A shadow imp (D:5)
  2 worms (D:2)
  2 dart slugs (D:3)
  20 orcs
  2 ball pythons
  A giant cockroach (D:3)
  6 goblins
  12 hobgoblins
  A jackal (D:5)
  10 kobolds
  5 quokkas
  9 bats
  5 frilled lizards
  5 rats
98 creatures vanquished.

Notes
Turn   | Place    | Note
-------+----------+-------------------------------------------
     0 | D:1      | kaze the Hill Orc Fighter began the quest for the Orb.
     0 | D:1      | Reached XP level 1. HP: 19/19 MP: 1/1
    70 | D:1      | Reached XP level 2. HP: 19/27 MP: 2/2
   556 | D:2      | Reached skill level 3 in Axes
   560 | D:2      | Reached XP level 3. HP: 24/33 MP: 3/3
  1167 | D:3      | Found Gozag's Platinum Reserve.
  1167 | D:3      | Found an opulent altar of Gozag.
  1193 | D:3      | Reached XP level 4. HP: 21/41 MP: 4/4
  1231 | D:3      | Gained mutation: You possess an exceptional clarity of
                  | mind. [potion of mutation]
  1231 | D:3      | Gained mutation: Armour fits poorly on your strangely
                  | shaped body. [potion of mutation]
  1231 | D:3      | Gained mutation: Your mind is acute. (Int +2) [potion of
                  | mutation]
  1600 | D:3      | Reached skill level 4 in Axes
  1763 | D:3      | Noticed an ogre
  1769 | D:3      | Killed an ogre
  1769 | D:3      | Reached skill level 5 in Axes
  1769 | D:3      | Reached XP level 5. HP: 12/47 MP: 5/5
  1811 | D:3      | Found a glowing silver altar of Zin.
  1828 | D:3      | HP: 2/47 [adder (2)]
  2205 | D:3      | Reached skill level 5 in Fighting
  2205 | D:3      | Reached XP level 6. HP: 47/56 MP: 6/6
  3020 | D:4      | Reached skill level 6 in Axes
  3027 | D:4      | Reached skill level 1 in Dodging
  3371 | D:4      | Reached XP level 7. HP: 45/61 MP: 7/7
  3417 | D:4      | You fall through a shaft!
  3417 | D:5      | Entered Level 5 of the Dungeon
  3617 | D:5      | Upgraded the game from 0.23-b1-6-ga921848 to 0.23.0
  3703 | D:5      | Found a white marble altar of Elyvilon.
  3738 | D:5      | Found a hide-covered altar of Uskayaw.
  3761 | D:5      | Reached skill level 7 in Axes
  3778 | D:5      | HP: 3/61 [poisoned by an adder]
  3783 | D:5      | HP: 2/61 [poisoned by an adder]
  3790 | D:5      | HP: 2/61 [poisoned by an adder]
  3798 | D:5      | HP: 1/61 [poisoned by an adder]
  4324 | D:5      | Found a runed translucent door.
  4326 | D:5      | Noticed Phong's ghost (novice FoAK)
  4335 | D:5      | Mangled by Phong's ghost

Skill      XL: |  1  2  3  4  5  6  7 |
---------------+----------------------+-----
Fighting       | 4 5 |  5.5
Axes           | 3 5 6 7 |  7.3
Shields        | 4 |  4.7
Armour         | 4 |  4.5
Dodging        | 1 |  1.2
Stealth        | |  0.2

Action                   |  1- 3 |  4- 6 |  7- 9 || total
-------------------------+-------+-------+-------++-------
Melee: War axe           |   138 |   151 |    51 ||   340
  Use: Scroll            |    10 |     5 |     1 ||    16
       Potion            |       |     7 |     3 ||    10
  Eat: Chunk             |     1 |     1 |       ||     2
       Ration            |       |     2 |     1 ||     3
Armor: Scale mail        |    80 |    21 |     7 ||   108
       Chain mail        |       |       |     7 ||     7
Dodge: Dodged            |    44 |    38 |    12 ||    94
Block: Shield            |    85 |    98 |    35 ||   218
